 Dungeon Crawl Stone Soup version 0.28-a0-1506-g3893175d92 (webtiles) character file.

Game seed: 10584988222093798237

18463 enile the Fighter (level 12, -2/119 HPs)
             Began as a Purple Draconian Wanderer on Jan 14, 2022.
             Was a Priest of Ashenzari.
             Slain by a hornet (17 damage)
             ... on level 8 of the Dungeon.
             The game lasted 00:46:58 (18509 turns).

enile the Fighter (Purple Draconian Wanderer)      Turns: 18509, Time: 00:46:59

Health: -2/119     AC: 10    Str: 26    XL:     12   Next: 27%
Magic:  15/16      EV: 16    Int: 11    God:    Ashenzari [***...]
Gold:   708        SH:  5    Dex: 12    Spells: 11/17 levels left

rFire   . . .      SeeInvis +   p - +1 flail of the Wild Blue Yonder {drain, Comp, Melee} (curse)
rCold   . . .      Faith    .   s - +0 buckler of Ashenzari's Anxiety {Cun, Fort} (curse)
rNeg    . . .      Spirit   .   (armour unavailable)
rPois   .          Reflect  .   j - +2 hat of the Eye in the Sky {Alch, Evo} (curse)
rElec   .          Harm     .   (no cloak)
rCorr   .          Rampage  .   (no gloves)
Will    +....      Clarity  +   (no boots)
Stlth   +++.......              (no amulet)
HPRegen 0.29/turn               x - ring of the Tethered Suspicion {Str+6, Self, Melee} (curse)
MPRegen 0.15/turn               B - ring of see invisible

@: lethally poisoned (-2 -> -12), slowed, studying Dodging, very slow
A: breathe power, AC +8, unfitting armour, cold-blooded
a: Breathe Dispelling Energy, Renounce Religion, Curse Item, Shatter the Chains


You were on level 8 of the Dungeon.
You worshipped Ashenzari.
Ashenzari was most pleased with you.
You visited 2 branches of the dungeon, and saw 11 of its levels.
You also visited: Bailey.

You collected 709 gold pieces.
You spent 1 gold pieces at shops.

Inventory:

Hand Weapons
 a - a +2 shortbow
 c - a +0 hand crossbow
 f - a +0 dagger
 k - a +1 flail
 l - a +1 whip of flaming
 p - the cursed +1 flail of the Wild Blue Yonder (weapon) {drain, Comp, Melee}
   (You took it off an orc on level 3 of the Dungeon)

   A truly terrible weapon, it drains the life of any living foe it strikes.
   It has a curse which improves the following skills: Companions: Summonings
   and Necromancy.
   Melee Combat: Short Blades, Long Blades, Axes, Maces & Flails, Polearms,
   Staves and Unarmed Combat.
 v - a +3 flail of venom
 y - a +0 morningstar
 A - a +2 scythe of protection
 L - a +4 flail of draining
 N - the +3 hand axe of Gin and Tonic {spect, rC+ Int+7}
   (You took it off an orc wizard on level 9 of the Dungeon)

   When its wielder attacks, the weapon's spirit leaps out and strikes again.
   The spirit shares a part of any damage it takes with its wielder.
   Int:       It affects your intelligence (+7).
   rC:        It protects you from cold.
Missiles
 b - 153 arrows
 d - 172 bolts
 e - 47 poisoned darts
 q - 3 datura-tipped darts
 w - 3 atropa-tipped darts (quivered)
 E - 15 boomerangs
 G - 7 curare-tipped darts
 H - 3 javelins
Armour
 j - the cursed +2 hat of the Eye in the Sky (worn) {Alch, Evo}
   (You found it on level 2 of the Dungeon)

   It has a curse which improves the following skills: Alchemy: Poison Magic and
   Transmutations.
   Evocations: Evocations.
 s - the cursed +0 buckler of Ashenzari's Anxiety (worn) {Cun, Fort}
   (You took it off a gnoll sergeant on level 7 of the Dungeon)

   It has a curse which improves the following skills: Cunning: Dodging and
   Stealth.
   Fortitude: Shields.
 K - the -4 hat of the Loofah {rF+ MP-9 Str+4}
   (You bought it in a shop on level 8 of the Dungeon)

   Str:       It affects your strength (+4).
   rF:        It protects you from fire.
   MP:        It affects your magic capacity (-9).
Jewellery
 g - a ring of flight
 m - a ring of wizardry
 r - a ring of positive energy
 x - the cursed ring of the Tethered Suspicion (left hand) {Str+6, Self, Melee}
   (You found it on level 5 of the Dungeon)

   [ring of strength]

   Str:       It affects your strength (+6).
   It has a curse which improves the following skills: Introspection: Fighting
   and Spellcasting.
   Melee Combat: Short Blades, Long Blades, Axes, Maces & Flails, Polearms,
   Staves and Unarmed Combat.
 B - a ring of see invisible (right hand)
Wands
 F - a wand of iceblast (3)
 J - a wand of flame (23)
Scrolls
 h - 2 scrolls of enchant weapon
 o - a scroll of brand weapon
 D - a scroll of enchant armour
 I - a scroll of immolation
Potions
 n - 4 potions of curing
 t - a potion of haste
 u - 3 potions of flight
 z - a potion of might
 C - a potion of cancellation
Miscellaneous
 i - a tin of tremorstones (inert)


   Skills:
 - Level 13.5(15.0) Fighting
 - Level 8.2(10.7) Maces & Flails
 - Level 2.7 Bows
 - Level 1.0 Crossbows
 - Level 3.0 Throwing
 - Level 10.4(12.0) Dodging
 - Level 4.5(6.0) Stealth
 - Level 5.4(7.0) Shields
 - Level 2.0(3.2) Spellcasting
 + Level 3.3(4.8) Summonings
 - Level 5.9(7.5) Evocations


You had 11 spell levels left.
You knew the following spells:

 Your Spells              Type           Power      Damage    Failure   Level
a - Call Canine Familiar  Summ           12%        N/A       14%         3
b - Summon Guardian Gole  Hex/Summ       7%         N/A       36%         3

Your spell library contained the following spells:

 Spells                   Type           Power      Damage    Failure   Level
 Summon Small Mammal      Summ           48%        N/A       4%          1
 Beastly Appendage        Tmut           4%         N/A       30%         1
 Magic Dart               Conj           4%         1d3       32%         1
 Sandblast                Erth           2%         2d4       32%         1
 Wereblood                Tmut           2%         N/A       41%         2
 Passwall                 Tmut/Erth      1%         N/A       43%         2
 Poisonous Vapours        Pois/Air       4%         N/A       43%         2
 Searing Ray              Conj           2%         2d4       45%         2
 Spider Form              Tmut/Pois      2%         N/A       65%         3
 Stone Arrow              Conj/Erth      2%         3d7       69%         3
 Fulminant Prism          Conj/Hex       0%         3d6       97%         4
 Leda's Liquefaction      Hex/Erth       0%         N/A       97%         4
 Orb of Destruction       Conj           0%         N/A       100%        7
 Spellforged Servitor     Conj/Summ      3%         N/A       100%        7


Dungeon Overview and Level Annotations

Branches:
Dungeon (10/15)            Temple (0/1) D:6            Lair (1/6) D:8
 Bailey (visited)
    Orc: D:9-12

Altars:
Ashenzari
Cheibriados
Fedhas
Gozag
Hepliaklqana
Kikubaaqudgha
Makhleb
Ru
Sif Muna
Trog
Xom

Shops:
D:8 [

Annotations:
D:10 4 runed translucent doors


Innate Abilities, Weirdness & Mutations

You can breathe bolts of dispelling energy.
Your rich purple scales are hard. (AC +8)
You cannot fit into any form of body armour.
You are cold-blooded and may be slowed by cold attacks.


Message History

You feel better.
You feel yourself speed up. The hornet stings you!
You are poisoned.
You feel yourself slow down. The hornet stings you!
* * * LOW HITPOINT WARNING * * *
You are more poisoned.
You feel as though you will be slow longer.
The hornet stings you!
* * * LOW HITPOINT WARNING * * *
You are more poisoned.
You feel as though you will be slow longer.
Unknown command.
Okay, then.
Casting: Summon Guardian Golem (dangerous; 36% risk of failure)
Confirm with . or Enter, or press ? or * to list all spells.
Okay, then.
Okay, then.
Okay, then.
You feel better. The hornet closely misses you. The hornet barely misses you.
The hornet closely misses you. The hornet barely misses you.
Okay, then.
Casting: Summon Guardian Golem (dangerous; 36% risk of failure)
Confirm with . or Enter, or press ? or * to list all spells.
Okay, then.
Okay, then.
Casting: Summon Guardian Golem (dangerous; 36% risk of failure)
Confirm with . or Enter, or press ? or * to list all spells.
Okay, then.
Throw: 4 darts (atropa)
Press: ? - help, Q - select action, (/) - cycle Shift-Dir - straight line, f/p - hornet
Aim: a hornet (moderately wounded, fast, strong, frenzied and insane, 54% to hit, chance to blind on hit: 61%)
You throw an atropa-tipped dart.
The atropa-tipped dart barely misses the hornet.
The hornet stings you!
* * * LOW HITPOINT WARNING * * *
You are poisoned.
You feel as though you will be slow longer.
The hornet barely misses you. The hornet stings you!
You die...

...........#...#......###...###
#.#####...........#####..^....##
#.#####..........<..##.........##
..............>....##....≈≈≈....#
##########......#..##...≈≈≈≈≈...#
......#####..#..#..#...≈≈)(.≈≈...
........# #........#...≈≈.>.≈≈...
..≈.....# #.....##.#...≈≈...≈≈...
........###.....@..##...≈≈≈≈≈...#
............##.#y####....≈≈≈....#
............##.#.# ###.........##
#..............#.###.##.......##
........##......(.##.####...###
#.......##....#...##.# #._.#
......####....#....#.####...#
....######....#.(#.#....######
....#.........##.#.####.# #.#


You could see a neutral hornet (fast, strong, insane).

Vanquished Creatures
  A hydra (D:8)
  2 centaur warriors
  3 two-headed ogres
  3 death yaks
  Pikel (D:4)
  A wizard (D:9)
  A cyclops (D:9)
  A cane toad (Lair:1)
  Maggie (D:8)
  An unseen horror (D:7)
  A komodo dragon (D:10)
  2 trolls
  Grinder (D:4)
  A hornet (D:9)
  Prince Ribbit (D:9)
  Sigmund (D:6)
  2 wyverns
  19 yaks
  Grum (D:8)
  A steam dragon (D:9)
  A water moccasin (D:6)
  2 orc warriors
  2 sky beasts
  A necrophage (D:5)
  3 wolves
  An ogre (D:5)
  A centaur (D:9)
  A phantom (D:7)
  11 kobold brigands
  3 bullfrogs
  4 scorpions
  3 gnoll sergeants
  A water moccasin zombie (D:3)
  7 killer bees
  A water moccasin skeleton (D:5)
  8 wights
  3 howler monkeys
  3 bullfrog zombies
  3 centaur zombies
  A jelly (D:7)
  3 centaur skeletons
  An orc priest (D:6)
  A bullfrog skeleton (D:5)
  A gnoll shaman (D:8)
  5 hounds
  4 iguanas
  7 orc wizards
  A killer bee zombie (D:8)
  5 nameless horrors
  2 hound skeletons
  2 howler monkey zombies (D:9)
  37 gnolls
  An adder (D:3)
  2 worms
  2 dart slugs
  48 orcs
  6 bats
  7 endoplasms
  2 giant cockroaches
  6 hobgoblins
  16 jackals
  2 quokkas
  7 ball pythons
  4 frilled lizards
  10 goblins
  26 kobolds
  A rat (D:2)
314 creatures vanquished.

Vanquished Creatures (collateral kills)
  Harold (D:8)
  A vampire (D:9)
  A sky beast (D:6)
  An ice beast (D:7)
  A scorpion (D:7)
  A killer bee (D:9)
  4 wights (D:8)
  An orc priest (D:7)
  A gnoll (D:5)
  A white imp (D:8)
  2 orcs
  A jackal (D:5)
  2 kobolds (Bailey)
18 creatures vanquished.

Vanquished Creatures (others)
  A wizard (D:7)
  A yak (D:8)
  A centaur (D:9)
  A gnoll sergeant (D:9)
  A gnoll (D:9)
  3 plants (D:5)
  14 withered plants (D:8)
22 creatures vanquished.

Grand Total: 354 creatures vanquished

Notes
Turn   | Place    | Note
-------+----------+-------------------------------------------
     0 | D:1      | enile the Draconian Wanderer began the quest for the Orb.
     0 | D:1      | enile set off with the following items: a +2 shortbow, 26
                  | arrows, a +0 hand crossbow, 28 bolts, 11 poisoned darts, a
                  | +0 dagger
     0 | D:1      | Reached XP level 1. HP: 17/17 MP: 1/1
   174 | D:1      | Reached XP level 2. HP: 25/25 MP: 2/2
   249 | D:1      | Reached skill level 3 in Fighting
   401 | D:1      | Reached XP level 3. HP: 33/33 MP: 3/3
   975 | D:2      | Reached skill level 4 in Fighting
  1036 | D:2      | Reached skill level 1 in Stealth
  1091 | D:2      | Reached XP level 4. HP: 8/40 MP: 4/4
  2257 | D:3      | Found a broken altar of Ashenzari.
  2322 | D:3      | Became a worshipper of Ashenzari the Shackled
  2351 | D:3      | Reached skill level 5 in Fighting
  2351 | D:3      | Reached XP level 5. HP: 33/48 MP: 5/5
  2386 | D:3      | Reached skill level 1 in Maces & Flails
  2718 | D:3      | Found a burning altar of Makhleb.
  2792 | D:3      | Found an opulent altar of Gozag.
  2897 | D:3      | Found a faded altar of an unknown god.
  3031 | D:3      | Found a sacrificial altar of Ru.
  3250 | D:3      | Reached skill level 6 in Fighting
  3250 | D:3      | Reached XP level 6. HP: 51/57 MP: 6/6
  3350 | D:3      | Found a shimmering altar of Xom.
  3528 | D:4      | Reached skill level 7 in Fighting
  3707 | D:4      | Noticed Grinder
  3712 | D:4      | Paralysed by Grinder for 3 turns
  3808 | D:4      | Paralysed by Grinder for 6 turns
  4348 | D:4      | Noticed Pikel
  4373 | D:4      | Killed Pikel
  4374 | D:4      | Reached skill level 8 in Fighting
  4374 | D:4      | Your scales start taking on a rich purple colour.
  4374 | D:4      | Reached XP level 7. HP: 47/68 MP: 7/7
  4648 | D:4      | Killed Grinder
  4649 | D:4      | Reached skill level 1 in Spellcasting
  4649 | D:4      | Reached XP level 8. HP: 66/74 MP: 7/11
  4911 | D:4      | Learned a level 3 spell: Call Canine Familiar
  5333 | D:5      | Entered Level 5 of the Dungeon
  5581 | D:5      | Reached * piety under Ashenzari
  5676 | D:5      | Found a snail-covered altar of Cheibriados.
  6131 | D:5      | Reached skill level 9 in Fighting
  6318 | D:5      | Reached skill level 5 in Maces & Flails
  6359 | D:5      | Reached skill level 1 in Summonings
  6629 | D:5      | Reached XP level 9. HP: 75/83 MP: 4/12
  7733 | D:6      | Noticed a two-headed ogre
  7831 | D:6      | Found a staircase to the Ecumenical Temple.
  7831 | D:6      | Noticed Sigmund
  7841 | D:6      | Killed Sigmund
  8277 | D:6      | Killed a two-headed ogre
  8278 | D:6      | Reached skill level 5 in Dodging
  8278 | D:6      | Reached skill level 10 in Fighting
  9489 | D:7      | Reached XP level 10. HP: 83/94 MP: 7/13
  9654 | D:7      | Reached skill level 11 in Fighting
 10007 | D:7      | Found a bloodstained altar of Trog.
 10010 | D:7      | Noticed a wizard
 10015 | D:7      | Killed a wizard
 10179 | D:8      | Noticed a death yak
 10179 | D:8      | Noticed a death yak
 10212 | D:7      | Reached skill level 1 in Shields
 10529 | D:7      | Learned a level 3 spell: Summon Guardian Golem
 10872 | D:7      | Killed a death yak
 11034 | D:8      | Noticed a death yak
 11035 | D:8      | Found a staircase to the Lair.
 11035 | D:8      | Noticed Grum
 11637 | D:8      | Killed a death yak
 11637 | D:8      | Noticed Maggie
 11638 | D:8      | Reached skill level 5 in Evocations
 11804 | D:8      | Killed a death yak
 11861 | D:8      | Killed Maggie
 11913 | D:8      | Found a hazy altar of Hepliaklqana.
 11964 | D:8      | Reached XP level 11. HP: 103/104 MP: 14/14
 12011 | D:8      | Reached ** piety under Ashenzari
 12194 | D:8      | Killed Grum
 12195 | D:8      | Reached skill level 12 in Fighting
 12224 | D:8      | Found Uchiaqaj's Armour Shop.
 12491 | D:8      | Bought the -4 hat of the Loofah {rF+ MP-9 Str+4} for 1 gold
                  | piece
 12571 | D:8      | Found a shimmering blue altar of Sif Muna.
 12674 | D:8      | Found an ancient bone altar of Kikubaaqudgha.
 12757 | D:8      | Noticed Harold
 12768 | D:8      | Killed Harold
 12998 | D:9      | Noticed a two-headed ogre
 13007 | D:9      | Killed a two-headed ogre
 13094 | D:9      | Identified the +3 hand axe of Gin and Tonic {spect, rC+
                  | Int+7}
 13153 | Lair:1   | Entered Level 1 of the Lair of Beasts
 13160 | Lair:1   | Reached skill level 13 in Fighting
 13160 | Lair:1   | Noticed a seven-headed hydra
 14131 | D:9      | Noticed Prince Ribbit
 14148 | D:9      | Killed Prince Ribbit
 14230 | D:9      | Noticed a seven-headed hydra
 14684 | D:8      | Reached *** piety under Ashenzari
 15142 | D:9      | Noticed a centaur warrior
 15160 | D:9      | Killed a centaur warrior
 15231 | D:9      | Noticed a wizard
 15247 | D:9      | Killed a wizard
 15985 | D:10     | Entered Level 10 of the Dungeon
 15992 | D:10     | Found a runed translucent door.
 16031 | D:10     | Found a runed translucent door.
 16208 | D:10     | Noticed a two-headed ogre
 16213 | D:10     | Found a flagged portal.
 16220 | Bailey   | Entered a bailey
 16371 | Bailey   | Identified the Grimoire of Curses and Contamination
 16407 | Bailey   | Reached skill level 5 in Shields
 16706 | Bailey   | Identified the +4 robe of Heresy {Drain Str+6 Dex+7 Stlth-}
 16707 | Bailey   | Found an iron altar of Okawaru.
 16919 | D:10     | Killed a two-headed ogre
 16920 | D:10     | Reached XP level 12. HP: 98/119 MP: 16/16
 17423 | D:10     | Found a blossoming altar of Fedhas.
 17500 | D:10     | Noticed a centaur warrior
 17508 | D:10     | Killed a centaur warrior
 17509 | D:10     | Reached skill level 10 in Dodging
 17789 | D:10     | Found a runed translucent door.
 17802 | D:10     | Found a runed translucent door.
 18117 | D:8      | Killed a seven-headed hydra
 18509 | D:8      | Slain by a hornet

Illustrated notes

Levels and vault maps discovered:
D:1:      evilmike_arrival_rings, layout_loops_ring
D:2:      layout_loops_corners
D:3:      layout_loops_corners, mainiacjoe_overflow_brackets,
          nicolae_ru_sacrificial_ziggurat, mainiacjoe_overflow_tiny_flanked,
          mainiacjoe_overflow_paths, general_overflow_altar,
          chequers_ecumenical_altar_lobes
D:4:      layout_cave_pods, serial_bayou_pond_e, uniq_grinder, uniq_pikel
D:5:      lemuel_castle_with_subvaults [lemuel_castle_interior_carwin_3],
          layout_loops_ring, mainiacjoe_overflow_concentric_impassable,
          hangedman_abyss_or_decor_passed, minmay_misc_feat_nine_boxes
D:6:      layout_rooms, minmay_temple_entry_mini_moons, minmay_microvault,
          uniq_sigmund
D:7:      layout_rooms, trog_wizard, solitary_fountain
D:8:      layout_basic, old_standard_altar, kiku_gazebo_garden_becter, tgw_sif,
          dpeg_lair_monsters, serial_shops, nicolae_shop_statue_plus,
          uniq_maggie, uniq_grum, uniq_harold
D:9:      minmay_bloctagon, layout_basic, uniq_prince_ribbit1
D:10:     layout_stronghold, mainiacjoe_overflow_alcove_1, enter_bailey_7,
          minmay_statue_crystal_thing
Lair:1:   minmay_lair_oklob_chamber, layout_cave_pods,
          grunt_forest_large_clearing_hut

Skill      XL: |  1  2  3  4  5  6  7  8  9 10 11 12 |
---------------+-------------------------------------+-----
Fighting       | 3 4 5 6 8 9 10 11 13 | 13.5
Stealth        | 2 3 4 |  4.5
Maces & Flails | 1 3 4 5 7 8 |  8.2
Dodging        | 3 5 7 10 | 10.4
Spellcasting   | 2 |  2.0
Throwing       | 3 |  3.0
Summonings     | 2 3 |  3.3
Shields        | 3 5 |  5.4
Evocations     | 5 |  5.9
Bows           | |  2.7
Crossbows      | |  1.0

Action                   |  1- 3 |  4- 6 |  7- 9 | 10-12 || total
-------------------------+-------+-------+-------+-------++-------
Melee: Shortbow          |     4 |       |       |       ||     4
       Flail             |       |   131 |   316 |   381 ||   828
       Tailslap          |       |    13 |    48 |    61 ||   122
       Punch             |       |       |     7 |     1 ||     8
 Fire: Shortbow          |   110 |    21 |       |       ||   131
Throw: Throwing net      |       |     4 |     4 |     4 ||    12
       Dart              |       |    10 |    26 |    84 ||   120
       Javelin           |       |       |       |     8 ||     8
 Cast: Call Canine Famil |       |       |    12 |    12 ||    24
       Summon Guardian G |       |       |       |    16 ||    16
Invok: Curse Item        |       |       |     2 |     2 ||     4
 Abil: Breathe Dispellin |       |       |     7 |     7 ||    14
Evoke: Wand              |       |       |     1 |    22 ||    23
       Tin of tremorston |       |       |       |     2 ||     2
  Use: Potion            |     2 |     2 |       |     5 ||     9
       Scroll            |       |     5 |     4 |     6 ||    15
 Stab: Sleeping          |       |     1 |     2 |     3 ||     6
       Distracted        |       |       |     1 |     3 ||     4
       Held in net/web   |       |       |     1 |       ||     1
Armor: Skin              |    25 |    71 |    85 |   139 ||   320
Dodge: Dodged            |    19 |    98 |   211 |   338 ||   666
Block: Buckler           |       |       |       |   106 ||   106

Table legend: (Time is in decaauts)
 A = Elapsed time spent in this place.
 B = Non-inter-level travel time spent in this place.
 C = Inter-level travel time spent in this place.
 D = Time resting spent in this place.
 E = Time spent auto-exploring this place.
 F = Levels seen in this place.
 G = Mean time per level.
                   A        B        C        D        E       F      G
               +--------+--------+--------+--------+--------+-----+--------+
         Total |  18634 |  17950 |    684 |   3589 |  10657 |  12 | 1552.8 |
       Dungeon |  17937 |  17254 |    683 |   3589 |  10245 |  10 | 1793.7 |
          Lair |     20 |     20 |      0 |      0 |      0 |   1 |   20.0 |
        Bailey |    676 |    676 |      0 |      0 |    412 |   1 |  676.0 |
               +--------+--------+--------+--------+--------+-----+--------+

Top non-repeatable levels by time:
     D:8: 3360 daAuts
     D:5: 2369 daAuts
     D:7: 2027 daAuts
     D:9: 1840 daAuts
     D:3: 1668 daAuts
     D:4: 1582 daAuts
     D:6: 1513 daAuts
     D:2: 1318 daAuts
    D:10: 1314 daAuts
     D:1: 944 daAuts
  Bailey: 676 daAuts
  Lair:1: 20 daAuts
